[Event "47° Campionato Italiano Assoluto ASCID"]
[Site "Montesilvano (PE)"]
[Date "2019.09.01"]
[Round "1"]
[White "Casadei, Marco"]
[Black "Sommadossi, Roberto"]
[Result "1-0"]
[Board "1"]
[WhiteElo "1931"]
[BlackElo "1438"]
[TimeControl "40/6000+30:1200+30"]
[ECO "B54"]
[Opening "Sicilian"]
[PlyCount "47"]
[EventDate "2019.09.01"]
[EventRounds "7"]
[EventCountry "ITA"]
[Annotator "Bersca0.53"]

1. e4 c5 2. Nf3 d6 3. d4 cxd4 4. Nxd4 g6 5. Be3 Nf6 6. Nc3 Bg7 7. f3 e5 8. Ndb5
d5 9. Nxd5 Nxd5 10. exd5 a6 11. Nc3 O-O 12. Qd2 Nd7 13. h4 Nf6 14. O-O-O b5 15.
Ne4 Bf5 16. Nxf6+ Bxf6 17. g4 Bxc2 18. Qxc2 Rc8 19. Bc5 Be7 20. b4 Bxh4 21. Kb1
Re8 22. Qh2 g5 23. Bd3 Qd7 24. Bf5 1-0

[Event "47° Campionato Italiano Assoluto ASCID"]
[Site "Montesilvano (PE)"]
[Date "2019.09.01"]
[Round "1"]
[White "Scatà, Laura"]
[Black "Vrioni, Bersan"]
[Result "0-1"]
[Board "2"]
[WhiteElo "1424"]
[BlackElo "1930"]
[TimeControl "40/6000+30:1200+30"]
[ECO "A45"]
[Opening "Queen's pawn game"]
[PlyCount "66"]
[EventDate "2019.09.01"]
[EventRounds "7"]
[EventCountry "ITA"]
[Annotator "Bersca0.53"]

1. d4 Nf6 2. Bf4 g6 3. e3 Bg7 4. Nd2 d6 5. Bc4 O-O 6. Ngf3 Nbd7 7. O-O c5 8. c3
Nb6 9. Bb3 Nh5 10. Bg5 h6 11. Bh4 g5 12. Nxg5 hxg5 13. Bxg5 Nf6 14. Qf3 Qd7 15.
e4 Nh7 16. Be3 cxd4 17. Bxd4 Bxd4 18. cxd4 Qg4 19. Rac1 Qxf3 20. Nxf3 Bd7 21.
Rc7 Rab8 22. Rfc1 Rfc8 23. Nh4 Kf8 24. f4 Nf6 25. e5 Ne8 26. Rxc8 Rxc8 27. Rxc8
Bxc8 28. f5 Bd7 29. g4 Ba4 30. Bxa4 Nxa4 31. b3 Nc3 32. a4 Ne2+ 33. Kf1 Nxd4 0-1

[Event "47° Campionato Italiano Assoluto ASCID"]
[Site "Montesilvano (PE)"]
[Date "2019.09.01"]
[Round "1"]
[White "Badano, Giancarlo"]
[Black "Marinò, Giuseppe"]
[Result "1-0"]
[Board "3"]
[WhiteElo "1852"]
[BlackElo "1406"]
[TimeControl "40/6000+30:1200+30"]
[ECO "C41"]
[Opening "Philidor's defence"]
[PlyCount "97"]
[EventDate "2019.09.01"]
[EventRounds "7"]
[EventCountry "ITA"]
[Annotator "Bersca0.53"]

1. e4 e5 2. Nf3 d6 3. Bc4 Be7 4. d4 exd4 5. Nxd4 Nf6 6. Qe2 c6 7. O-O O-O 8. Re1
Re8 9. Bf4 Bg4 10. f3 Bc8 11. Nd2 Nh5 12. Be3 Nf6 13. Rad1 Bf8 14. Qf2 Be6 15.
Nxe6 fxe6 16. Bxa7 Qa5 17. Bb6 Qh5 18. Be3 Nbd7 19. Nf1 Ne5 20. Ng3 Qf7 21. Bb3
d5 22. Bd4 Bd6 23. c3 Nh5 24. a3 Nd7 25. e5 Be7 26. c4 Bh4 27. Re2 Qg6 28. Bc2
Qf7 29. Bc3 Bxg3 30. hxg3 Kh8 31. Rd4 g6 32. Rh4 g5 33. Rh1 Rg8 34. Qd4 Nxg3 35.
Re1 Nxh1 36. Kxh1 Qh5+ 37. Kg1 Rg7 38. cxd5 cxd5 39. Qd3 g4 40. f4 g3 41. Qf3
Qxf3 42. gxf3 Rag8 43. Kg2 h5 44. Rh1 Rf8 45. Rxh5+ Kg8 46. f5 exf5 47. Bxf5 Rd8
48. e6 Re7 49. Rh8# 1-0

[Event "47° Campionato Italiano Assoluto ASCID"]
[Site "Montesilvano (PE)"]
[Date "2019.09.01"]
[Round "1"]
[White "Battaglia, Gabriele"]
[Black "Pugliese, Giuseppe Franco"]
[Result "0-1"]
[Board "4"]
[WhiteElo "1382"]
[BlackElo "1613"]
[TimeControl "40/6000+30:1200+30"]
[ECO "A00"]
[Opening "Benko's opening"]
[PlyCount "56"]
[EventDate "2019.09.01"]
[EventRounds "7"]
[EventCountry "ITA"]
[Annotator "Bersca0.53"]

1. g3 d5 2. Bg2 Nf6 3. Nf3 g6 4. O-O Bg7 5. d3 O-O 6. Bf4 Nh5 7. Be5 f6 8. Bc3
e5 9. Nbd2 Nc6 10. a3 a5 11. b3 f5 12. e4 d4 13. Bb2 f4 14. Qe2 Bd7 15. c3 Qc8
16. cxd4 Nxd4 17. Nxd4 exd4 18. Nf3 Bg4 19. Qd2 Bxf3 20. Bxf3 Be5 21. Bxh5 gxh5
22. f3 Ra6 23. b4 Rg6 24. Rf2 fxg3 25. hxg3 Bf4 26. Qe2 Be3 27. Rf1 Qh3 28. Qxe3
Rxg3+ 0-1

[Event "47° Campionato Italiano Assoluto ASCID"]
[Site "Montesilvano (PE)"]
[Date "2019.09.01"]
[Round "1"]
[White "Murgia, Stefano"]
[Black "Tolaro, Filippa"]
[Result "1-0"]
[Board "5"]
[WhiteElo "1603"]
[BlackElo "1362"]
[TimeControl "40/6000+30:1200+30"]
[ECO "B12"]
[Opening "Caro-Kann"]
[Variation "3.Nd2"]
[PlyCount "71"]
[EventDate "2019.09.01"]
[EventRounds "7"]
[EventCountry "ITA"]
[Annotator "Bersca0.53"]

1. e4 c6 2. d4 d5 3. Nd2 Bg4 4. Qxg4 e6 5. e5 Nh6 6. Qh3 Nf5 7. c3 Nd7 8. Bd3
Nh4 9. Ngf3 Be7 10. Nxh4 Bxh4 11. Nf3 Be7 12. Qg3 g6 13. O-O f6 14. Bxg6+ hxg6
15. Qxg6+ Kf8 16. Bh6+ Rxh6 17. Qxh6+ Kg8 18. exf6 Bxf6 19. Rae1 Nf8 20. Ne5 Bg7
21. Qh3 Qg5 22. Re3 c5 23. Rg3 Qf6 24. Ng4 Qg5 25. Nh6+ Bxh6 26. Qxh6 Nh7 27.
Rxg5+ Nxg5 28. Qxg5+ Kf8 29. Qf6+ Ke8 30. Re1 Kd7 31. Rxe6 Re8 32. Qf7+ Re7 33.
Qxe7+ Kc8 34. Qe8+ Kc7 35. Qf7+ Kb8 36. Re8# 1-0

[Event "47° Campionato Italiano Assoluto ASCID"]
[Site "Montesilvano (PE)"]
[Date "2019.09.01"]
[Round "1"]
[White "Bosetti, Giancarlo"]
[Black "Zenini, Simone"]
[Result "0-1"]
[Board "6"]
[WhiteElo "1335"]
[BlackElo "1458"]
[TimeControl "40/6000+30:1200+30"]
[ECO "B30"]
[Opening "Sicilian"]
[Variation "Nimzovich-Rossolimo attack (without ...d6)"]
[PlyCount "64"]
[EventDate "2019.09.01"]
[EventRounds "7"]
[EventCountry "ITA"]
[Annotator "Bersca0.53"]
[Annotator "Bersca0.53"]

1. e4 c5 2. Nf3 Nc6 3. Bb5 Nf6 4. Nc3 d6 5. d3 a6 6. Bxc6+ bxc6 7. d4 cxd4 8.
Nxd4 c5 9. Nf3 Bb7 10. Qe2 g6 11. e5 Bxf3 12. Qxf3 dxe5 13. O-O Bg7 14. Ne4 O-O
15. Be3 Nxe4 16. Qxe4 Qc7 17. c4 Rab8 18. b3 Kh8 19. Rad1 Rbd8 20. Rxd8 Rxd8 21.
h3 f5 22. Qc2 e4 23. Rd1 Rd6 24. a3 Qa5 25. Rxd6 exd6 26. a4 Bd4 27. Bd2 Qd8 28.
Bc3 Qf6 29. Bxd4 cxd4 30. Qd2 d3 31. Qe3 Qb2 32. Qe1 d2 0-1

[Event "47° Campionato Italiano Assoluto ASCID"]
[Site "Montesilvano (PE)"]
[Date "2019.09.01"]
[Round "1"]
[White "Pezzolato, Erica"]
[Black "Raffi, Francesco"]
[Result "0-1"]
[Board "7"]
[WhiteElo "1447"]
[BlackElo "1315"]
[TimeControl "40/6000+30:1200+30"]
[ECO "A07"]
[Opening "Reti"]
[Variation "King's Indian attack (Barcza system)"]
[PlyCount "56"]
[EventDate "2019.09.01"]
[EventRounds "7"]
[EventCountry "ITA"]
[Annotator "Bersca0.53"]

1. Nf3 d5 2. g3 Nf6 3. Bg2 c6 4. O-O Bf5 5. d3 e6 6. Nh4 Bg6 7. Nxg6 hxg6 8. e4
Nbd7 9. Nc3 d4 10. Ne2 e5 11. Bd2 Be7 12. a3 Nh7 13. f4 c5 14. fxe5 Nxe5 15. Bf4
Ng4 16. h3 g5 17. Bd2 Ne5 18. g4 Qd6 19. Be1 Nf8 20. Bg3 Nfg6 21. Bxe5 Qxe5 22.
Qe1 Bd6 23. Qg3 Qxg3 24. Nxg3 Bxg3 25. Rf5 Ne5 26. Rxg5 g6 27. Rf1 Ke7 28. Rxe5+
Bxe5 0-1

[Event "47° Campionato Italiano Assoluto ASCID"]
[Site "Montesilvano (PE)"]
[Date "2019.09.01"]
[Round "1"]
[White "Delmonte, Davide"]
[Black "Gelmini, Marina Chiara"]
[Result "1-0"]
[Board "8"]
[WhiteElo "1284"]
[BlackElo "1440"]
[TimeControl "40/6000+30:1200+30"]
[ECO "A40"]
[Opening "Queen's pawn"]
[Variation "Franco-Indian (Keres) defence"]
[PlyCount "23"]
[EventDate "2019.09.01"]
[EventRounds "7"]
[EventCountry "ITA"]
[Annotator "Bersca0.53"]

1. d4 e6 2. c4 Bb4+ 3. Nc3 Nf6 4. Nf3 O-O 5. e3 Nc6 6. Bd3 d6 7. Bb1 Na5 8. Qd3
a6 9. Nd2 b5 10. Nde4 Nd7 11. Nxd6 cxd6 12. Qxh7# 1-0

[Event "47° Campionato Italiano Assoluto ASCID"]
[Site "Montesilvano (PE)"]
[Date "2019.09.01"]
[Round "1"]
[White "Prada, Susanna"]
[Black "Trapletti, Cosetta"]
[Result "0-1"]
[Board "9"]
[WhiteElo "1440"]
[BlackElo "1248"]
[TimeControl "40/6000+30:1200+30"]
[ECO "C25"]
[Opening "Vienna game, Max Lange defence"]
[PlyCount "66"]
[EventDate "2019.09.01"]
[EventRounds "7"]
[EventCountry "ITA"]
[Annotator "Bersca0.53"]

1. e4 e5 2. Nc3 Nc6 3. d3 Bc5 4. Nf3 d6 5. Be2 Nf6 6. O-O O-O 7. b3 Be6 8. Bd2
h6 9. h3 Nh5 10. Nh2 Qf6 11. Bxh5 g6 12. d4 Bxd4 13. Be3 Bxc3 14. Qe2 Bxa1 15.
Rxa1 Qg7 16. g4 gxh5 17. f3 f6 18. Kf1 hxg4 19. hxg4 Qg6 20. Qf2 h5 21. Ke2 Nb4
22. Rc1 Nxa2 23. Qh4 Nxc1+ 24. Kd2 Na2 25. gxh5 Qg2+ 26. Kd3 Nb4+ 27. Kc3 Qe2
28. h6 Qxc2+ 29. Kxb4 b5 30. h7+ Kh8 31. Bh6 c5+ 32. Kxb5 Qxb3+ 33. Kc6 Rac8+ 0-1

[Event "47° Campionato Italiano Assoluto ASCID"]
[Site "Montesilvano (PE)"]
[Date "2019.09.01"]
[Round "1"]
[White "Gamba, Annamaria"]
[Black "Rivalta, Paolo"]
[Result "1-0"]
[Board "10"]
[WhiteElo "1006"]
[BlackElo "1440"]
[TimeControl "40/6000+30:1200+30"]
[ECO "C44"]
[Opening "Ponziani opening"]
[PlyCount "101"]
[EventDate "2019.09.01"]
[EventRounds "7"]
[EventCountry "ITA"]
[Annotator "Bersca0.53"]

1. e4 e5 2. Nf3 Nc6 3. c3 d6 4. d4 exd4 5. cxd4 Nf6 6. Nc3 Bg4 7. Be2 g6 8. O-O
Bg7 9. d5 Ne5 10. Nxe5 dxe5 11. Bxg4 O-O 12. Be2 Rc8 13. Be3 a5 14. Qd2 Qd7 15.
Rad1 Rcd8 16. Bg5 b5 17. Bxb5 Qd6 18. Rfe1 Qc5 19. h3 Rd6 20. Be3 Qb4 21. Qc2 a4
22. Bxa4 Ra8 23. a3 Qa5 24. Bb6 Rxb6 25. Re3 Rab8 26. b4 Qa8 27. Rb1 Bh6 28. Rf3
Rd8 29. h4 Ng4 30. Ra1 f5 31. exf5 gxf5 32. Qxf5 Nf6 33. Qxe5 Bg7 34. Bb3 Nxd5
35. Bxd5+ Qxd5 36. Nxd5 Bxe5 37. Nxb6 Bxa1 38. Nc4 Rd1+ 39. Kh2 Rd4 40. Ne5
Rxh4+ 41. Kg3 Re4 42. Nc6 h5 43. Rf4 Re2 44. a4 Kg7 45. a5 Ra2 46. b5 Rc2 47.
Kf3 Rc3+ 48. Ke4 Kg6 49. g3 Kg5 50. a6 Rxg3 51. fxg3 1-0

[Event "47° Campionato Italiano Assoluto ASCID"]
[Site "Montesilvano (PE)"]
[Date "2019.09.01"]
[Round "2"]
[White "Zenini, Simone"]
[Black "Casadei, Marco"]
[Result "0-1"]
[Board "1"]
[WhiteElo "1458"]
[BlackElo "1931"]
[TimeControl "40/6000+30:1200+30"]
[ECO "A48"]
[Opening "King's Indian"]
[Variation "East Indian defence"]
[PlyCount "128"]
[EventDate "2019.09.01"]
[EventRounds "7"]
[EventCountry "ITA"]
[Annotator "Bersca0.53"]

1. d4 Nf6 2. Nf3 g6 3. c4 Bg7 4. g3 O-O 5. Bg2 d6 6. O-O Nc6 7. Nc3 a6 8. e4 Bg4
9. Be3 Qc8 10. Qd2 Re8 11. Rad1 Bxf3 12. Bxf3 e5 13. d5 Nd4 14. Bg2 Qd7 15. Ne2
Nxe2+ 16. Qxe2 b5 17. Rc1 Reb8 18. b3 Rb7 19. Qc2 a5 20. f3 Ne8 21. Rf2 b4 22.
c5 dxc5 23. Qxc5 Bf8 24. Qc6 Qxc6 25. Rxc6 a4 26. bxa4 Rxa4 27. Bc5 Bxc5 28.
Rxc5 Rba7 29. Rcc2 Nd6 30. Bf1 f5 31. Bd3 fxe4 32. Bxe4 Nb5 33. Bd3 Nd4 34. Rb2
Ra3 35. Be4 R3a4 36. Kg2 Kf8 37. f4 exf4 38. Rxf4+ Ke7 39. Bb1 Nb5 40. Rfxb4
Rxb4 41. Rxb4 Nc3 42. Be4 Rxa2+ 43. Kh3 Kd6 44. Bg2 Nxd5 45. Re4 c5 46. Re8 Nf6
47. Rc8 Ra6 48. Rf8 Ke5 49. Rc8 Kd4 50. Rd8+ Kc3 51. Rd1 c4 52. Bf1 Rc6 53. Rc1+
Kd4 54. Rxc4+ Rxc4 55. Bxc4 Kxc4 56. Kh4 h6 57. g4 g5+ 58. Kg3 Kd4 59. h4 Ke3
60. hxg5 hxg5 61. Kh3 Kf3 62. Kh2 Nxg4+ 63. Kg1 Ne3 64. Kh2 Kf2 0-1

[Event "47° Campionato Italiano Assoluto ASCID"]
[Site "Montesilvano (PE)"]
[Date "2019.09.01"]
[Round "2"]
[White "Vrioni, Bersan"]
[Black "Delmonte, Davide"]
[Result "1-0"]
[Board "2"]
[WhiteElo "1930"]
[BlackElo "1284"]
[TimeControl "40/6000+30:1200+30"]
[ECO "B01"]
[Opening "Scandinavian (centre counter) defence"]
[PlyCount "79"]
[EventDate "2019.09.01"]
[EventRounds "7"]
[EventCountry "ITA"]
[Annotator "Bersca0.53"]

1. e4 d5 2. exd5 Qxd5 3. Nc3 Qa5 4. d4 Bf5 5. Bc4 e6 6. Ne2 Bb4 7. Bd2 Nf6 8. a3
Bxc3 9. Nxc3 Qb6 10. O-O Qxb2 11. Bb3 Bg4 12. f3 Bf5 13. Nb5 Nbd7 14. Bc3 Bxc2
15. Bxb2 Bxd1 16. Rfxd1 O-O 17. Nxc7 Rac8 18. Nb5 Rfd8 19. Nxa7 Ra8 20. Nb5 Ra6
21. Rac1 Rb6 22. a4 Nh5 23. g3 h6 24. d5 e5 25. d6 Nc5 26. Rxc5 Rc6 27. Rdc1
Rxc5 28. Rxc5 b6 29. Bxe5 bxc5 30. a5 Rb8 31. Bc4 Re8 32. f4 Kh7 33. a6 f6 34.
Bc3 Kg6 35. a7 Kf5 36. Bd5 Kg4 37. a8=Q Re2 38. Bf3+ Kh3 39. Bxe2 g5 40. Qg2# 1-0

[Event "47° Campionato Italiano Assoluto ASCID"]
[Site "Montesilvano (PE)"]
[Date "2019.09.01"]
[Round "2"]
[White "Raffi, Francesco"]
[Black "Badano, Giancarlo"]
[Result "0-1"]
[Board "3"]
[WhiteElo "1315"]
[BlackElo "1852"]
[TimeControl "40/6000+30:1200+30"]
[ECO "D02"]
[Opening "Queen's pawn game"]
[PlyCount "96"]
[EventDate "2019.09.01"]
[EventRounds "7"]
[EventCountry "ITA"]
[Annotator "Bersca0.53"]

1. d4 d5 2. Nf3 Bf5 3. e3 c6 4. Bd3 Bxd3 5. Qxd3 Nf6 6. Nbd2 e6 7. O-O Bd6 8.
Ne5 Nbd7 9. f4 O-O 10. c4 dxc4 11. Ndxc4 Nb6 12. b3 Qe7 13. a4 Bb4 14. Ba3 Rfd8
15. Rfc1 Nbd5 16. g3 Bxa3 17. Nxa3 Nb4 18. Qc4 Ne4 19. Nc2 Nd5 20. Ng4 h5 21.
Nf2 f5 22. Nxe4 fxe4 23. Kf2 Rf8 24. Qe2 Qf7 25. h4 Qf5 26. Rh1 Rf6 27. Rag1 Rg6
28. Ke1 Kh7 29. Rh2 Kh6 30. Rhg2 Rg4 31. Rh1 Rb8 32. Qd2 Qf8 33. Qa5 a6 34. Qc5
Qxc5 35. dxc5 b6 36. b4 bxc5 37. bxc5 Rb1+ 38. Kd2 Rxh1 39. Nd4 Rhxh4 40. Nxc6
Rh3 41. Ne5 Rgxg3 42. Rxg3 Rxg3 43. c6 h4 44. Nf7+ Kh5 45. Ng5 h3 46. Nxe4 Rg2+
47. Ke1 h2 48. Nf2 Rxf2 0-1

[Event "47° Campionato Italiano Assoluto ASCID"]
[Site "Montesilvano (PE)"]
[Date "2019.09.01"]
[Round "2"]
[White "Pugliese, Giuseppe Franco"]
[Black "Gamba, Annamaria"]
[Result "1-0"]
[Board "4"]
[WhiteElo "1613"]
[BlackElo "1006"]
[TimeControl "40/6000+30:1200+30"]
[ECO "C44"]
[Opening "King's pawn game"]
[PlyCount "55"]
[EventDate "2019.09.01"]
[EventRounds "7"]
[EventCountry "ITA"]
[Annotator "Bersca0.53"]

1. e4 e5 2. Nf3 Nc6 3. a3 Nf6 4. Nc3 d6 5. h3 Be7 6. Be2 O-O 7. O-O Be6 8. d4
Nxd4 9. Nxd4 exd4 10. Qxd4 h6 11. f4 c5 12. Qd3 Bd7 13. e5 dxe5 14. fxe5 Nh5 15.
Bxh5 Qc7 16. Bf4 Rad8 17. Nd5 c4 18. Nxe7+ Kh8 19. Qd6 Qxd6 20. exd6 g6 21. Bf3
Kg7 22. Bd5 g5 23. Bh2 b5 24. Rae1 Bc8 25. Nxc8 Rxc8 26. Re7 Rcd8 27. Bxf7 Rxd6
28. Bxd6 1-0

[Event "47° Campionato Italiano Assoluto ASCID"]
[Site "Montesilvano (PE)"]
[Date "2019.09.01"]
[Round "2"]
[White "Trapletti, Cosetta"]
[Black "Murgia, Stefano"]
[Result "0-1"]
[Board "5"]
[WhiteElo "1248"]
[BlackElo "1603"]
[TimeControl "40/6000+30:1200+30"]
[ECO "A80"]
[Opening "Dutch"]
[PlyCount "64"]
[EventDate "2019.09.01"]
[EventRounds "7"]
[EventCountry "ITA"]
[Annotator "Bersca0.53"]

1. d4 f5 2. e3 Nf6 3. Bd3 e6 4. Nf3 Be7 5. Nc3 O-O 6. e4 fxe4 7. Nxe4 Nc6 8. Be3
Nb4 9. Bb5 Nxe4 10. O-O Nd5 11. Qd3 Nxe3 12. Qxe3 Nf6 13. Rad1 b6 14. Bd3 Bb7
15. Qf4 Nh5 16. Qg4 Nf4 17. Bc4 d5 18. Bb3 h5 19. Qg3 Ne2+ 20. Kh1 Nxg3+ 21.
fxg3 Bd6 22. c4 dxc4 23. Bxc4 Bd5 24. Bd3 g5 25. h3 g4 26. Nh4 gxh3 27. Kg1 Bxg3
28. Ng6 Rxf1+ 29. Rxf1 Qg5 30. Rf8+ Rxf8 31. gxh3 Bh2+ 32. Kxh2 Qg2# 0-1

[Event "47° Campionato Italiano Assoluto ASCID"]
[Site "Montesilvano (PE)"]
[Date "2019.09.01"]
[Round "2"]
[White "Marinò, Giuseppe"]
[Black "Pezzolato, Erica"]
[Result "0-1"]
[Board "6"]
[WhiteElo "1406"]
[BlackElo "1447"]
[TimeControl "40/6000+30:1200+30"]
[ECO "A45"]
[Opening "Queen's pawn game"]
[PlyCount "47"]
[EventDate "2019.09.01"]
[EventRounds "7"]
[EventCountry "ITA"]
[Annotator "Bersca0.53"]

1. d4 Nf6 2. e3 g6 3. Bd3 Bg7 4. Nf3 O-O 5. O-O d6 6. c3 Nbd7 7. Re1 c5 8. dxc5
Nxc5 9. e4 Bg4 10. h3 Nxd3 11. hxg4 Nxe1 12. Qxe1 Nxg4 13. Bf4 e5 14. Bg5 Qb6
15. b3 Rac8 16. Na3 Qc6 17. Rd1 Qxc3 18. Rxd6 Qxe1+ 19. Nxe1 Bf6 20. Bxf6 Nxf6
21. Rxf6 Rc1 22. Nc2 Rc8 23. Rd6 R8xc2 24. Rd8+ 0-1

[Event "47° Campionato Italiano Assoluto ASCID"]
[Site "Montesilvano (PE)"]
[Date "2019.09.01"]
[Round "2"]
[White "Gelmini, Marina Chiara"]
[Black "Scatà, Laura"]
[Result "0-1"]
[Board "7"]
[WhiteElo "1440"]
[BlackElo "1424"]
[TimeControl "40/6000+30:1200+30"]
[ECO "C46"]
[Opening "Three knights game"]
[PlyCount "44"]
[EventDate "2019.09.01"]
[EventRounds "7"]
[EventCountry "ITA"]
[Annotator "Bersca0.53"]

1. e4 e5 2. Nf3 Nc6 3. Nc3 d6 4. Bb5 Bd7 5. O-O a6 6. Bc4 Bg4 7. Re1 Nf6 8. d3
Be7 9. Be3 Na5 10. Bg5 Nxc4 11. dxc4 h6 12. Bh4 Nd7 13. b4 Bxh4 14. Re2 Bxf3 15.
gxf3 Qg5+ 16. Kf1 O-O 17. Nd5 c6 18. Ne7+ Qxe7 19. Qd2 Qe6 20. Rc1 Qh3+ 21. Ke1
Qxf3 22. c3 Qh1# 0-1

[Event "47° Campionato Italiano Assoluto ASCID"]
[Site "Montesilvano (PE)"]
[Date "2019.09.01"]
[Round "2"]
[White "Rivalta, Paolo"]
[Black "Battaglia, Gabriele"]
[Result "0-1"]
[Board "9"]
[WhiteElo "1440"]
[BlackElo "1382"]
[TimeControl "40/6000+30:1200+30"]
[ECO "B20"]
[Opening "Sicilian defence"]
[PlyCount "68"]
[EventDate "2019.09.01"]
[EventRounds "7"]
[EventCountry "ITA"]
[Annotator "Bersca0.53"]

1. e4 c5 2. c4 g6 3. Nf3 Bg7 4. d3 Nc6 5. Nc3 d6 6. Bg5 Nf6 7. Be2 O-O 8. O-O e6
9. Qd2 Qa5 10. Rfd1 Nd4 11. Nxd4 cxd4 12. Nb5 Qb6 13. Nxd4 Qxd4 14. b3 Bd7 15.
Qb4 Bc6 16. Be3 Qb2 17. Bf3 Ne8 18. d4 a5 19. Qe1 Qa3 20. Qd2 Nf6 21. h3 Nxe4
22. Qd3 d5 23. cxd5 Bxd5 24. Bxe4 Rfd8 25. Bxd5 Rxd5 26. Qe4 Rc8 27. Rdc1 Rxc1+
28. Bxc1 Qb4 29. Be3 Bxd4 30. Rd1 Bxe3 31. Qxb4 Rxd1+ 32. Kh2 axb4 33. fxe3 Rd2
34. h4 Rxa2 0-1

[Event "47° Campionato Italiano Assoluto ASCID"]
[Site "Montesilvano (PE)"]
[Date "2019.09.01"]
[Round "2"]
[White "Sommadossi, Roberto"]
[Black "Bosetti, Giancarlo"]
[Result "1-0"]
[Board "10"]
[WhiteElo "1438"]
[BlackElo "1335"]
[TimeControl "40/6000+30:1200+30"]
[ECO "C26"]
[Opening "Vienna"]
[Variation "Falkbeer variation"]
[PlyCount "47"]
[EventDate "2019.09.01"]
[EventRounds "7"]
[EventCountry "ITA"]
[Annotator "Bersca0.53"]

1. e4 e5 2. Nc3 Nf6 3. f4 Bd6 4. Nf3 Nc6 5. Bc4 h6 6. Nb5 exf4 7. Nxd6+ cxd6 8.
d3 O-O 9. Bxf4 Qe7 10. O-O Ne5 11. Bb3 Nxf3+ 12. Qxf3 b6 13. Rae1 Bb7 14. Qe3
Rae8 15. Rf3 Nh5 16. Bxh6 gxh6 17. Qxh6 Qe5 18. Rf5 Re6 19. Bxe6 Qxe6 20. Qxh5
Qg6 21. Rg5 d5 22. Rxg6+ fxg6 23. Qxg6+ Kh8 24. Re3 1-0

[Event "47° Campionato Italiano Assoluto ASCID"]
[Site "Montesilvano (PE)"]
[Date "2019.09.02"]
[Round "3"]
[White "Casadei, Marco"]
[Black "Pugliese, Giuseppe Franco"]
[Result "1-0"]
[Board "1"]
[WhiteElo "1931"]
[BlackElo "1613"]
[TimeControl "40/6000+30:1200+30"]
[ECO "B30"]
[Opening "Sicilian defence"]
[PlyCount "75"]
[EventDate "2019.09.01"]
[EventRounds "7"]
[EventCountry "ITA"]
[Annotator "Bersca0.53"]

1. e4 c5 2. Nf3 Nc6 3. Nc3 e6 4. d4 cxd4 5. Nxd4 a6 6. Be3 Qc7 7. Qd2 Nf6 8.
O-O-O Bb4 9. f3 d5 10. g4 e5 11. Nxc6 bxc6 12. exd5 Nxd5 13. Qd3 Nxc3 14. bxc3
Ba3+ 15. Kd2 Be6 16. Ke1 O-O 17. c4 Be7 18. Be2 Rad8 19. Qc3 Rxd1+ 20. Bxd1 Rb8
21. Kf2 Bb4 22. Qd3 Rd8 23. Qb3 Qd6 24. Be2 Bc5 25. Rd1 Bxe3+ 26. Qxe3 Qc7 27.
Rxd8+ Qxd8 28. Qa7 g6 29. Qxa6 Qd4+ 30. Kf1 Qa1+ 31. Kg2 c5 32. Qa8+ Kg7 33. Qe4
Qxa2 34. Qxe5+ Kg8 35. Qxc5 Qxc2 36. Kf2 Qc3 37. Qe3 Kf8 38. Qxc3 1-0

[Event "47° Campionato Italiano Assoluto ASCID"]
[Site "Montesilvano (PE)"]
[Date "2019.09.02"]
[Round "3"]
[White "Badano, Giancarlo"]
[Black "Vrioni, Bersan"]
[Result "1/2-1/2"]
[Board "2"]
[WhiteElo "1852"]
[BlackElo "1930"]
[TimeControl "40/6000+30:1200+30"]
[ECO "C55"]
[Opening "Two knights defence (Modern bishop's opening)"]
[PlyCount "42"]
[EventDate "2019.09.01"]
[EventRounds "7"]
[EventCountry "ITA"]
[Annotator "Bersca0.53"]

1. e4 e5 2. Nf3 Nc6 3. Bc4 Nf6 4. d3 h6 5. Nc3 d6 6. Be3 Na5 7. Bb3 Nxb3 8. axb3
a6 9. O-O Be7 10. d4 exd4 11. Nxd4 O-O 12. Nf5 Bxf5 13. exf5 d5 14. Bd4 c6 15.
Re1 Re8 16. Qf3 Nd7 17. Qg3 Bf6 18. Rxe8+ Qxe8 19. Bxf6 Nxf6 20. Qc7 Qd7 21.
Qxd7 Nxd7 1/2-1/2

[Event "47° Campionato Italiano Assoluto ASCID"]
[Site "Montesilvano (PE)"]
[Date "2019.09.02"]
[Round "3"]
[White "Murgia, Stefano"]
[Black "Zenini, Simone"]
[Result "1-0"]
[Board "3"]
[WhiteElo "1603"]
[BlackElo "1458"]
[TimeControl "40/6000+30:1200+30"]
[ECO "C42"]
[Opening "Petrov"]
[Variation "Nimzovich attack"]
[PlyCount "41"]
[EventDate "2019.09.01"]
[EventRounds "7"]
[EventCountry "ITA"]
[Annotator "Bersca0.53"]

1. e4 e5 2. Nf3 Nf6 3. Nxe5 d6 4. Nf3 Nxe4 5. Nc3 Nxc3 6. dxc3 Be7 7. Be3 O-O 8.
Qd2 Be6 9. Bd3 a6 10. a3 Nc6 11. O-O-O b5 12. Bf4 Na7 13. h4 a5 14. Ng5 Bxg5 15.
hxg5 g6 16. Rh6 Kg7 17. Rdh1 Rh8 18. Be4 Rb8 19. Qd4+ f6 20. gxf6+ Qxf6 21.
Rxh7+ 1-0

[Event "47° Campionato Italiano Assoluto ASCID"]
[Site "Montesilvano (PE)"]
[Date "2019.09.02"]
[Round "3"]
[White "Pezzolato, Erica"]
[Black "Tolaro, Filippa"]
[Result "1-0"]
[Board "4"]
[WhiteElo "1447"]
[BlackElo "1362"]
[TimeControl "40/6000+30:1200+30"]
[ECO "A07"]
[Opening "Reti"]
[Variation "King's Indian attack (Barcza system)"]
[PlyCount "75"]
[EventDate "2019.09.01"]
[EventRounds "7"]
[EventCountry "ITA"]
[Annotator "Bersca0.53"]

1. Nf3 d5 2. g3 c6 3. Bg2 Bg4 4. O-O Nf6 5. d3 e6 6. Nbd2 Be7 7. c4 Nbd7 8. cxd5
exd5 9. b3 O-O 10. Bb2 Rc8 11. Rc1 Bb4 12. h3 Qa5 13. hxg4 Bxd2 14. Nxd2 Nxg4
15. a4 Rfe8 16. Bh3 Ndf6 17. Bxf6 Nxf2 18. Rxf2 Rc7 19. Bd4 Rce7 20. Nf3 f6 21.
Bc5 Rf7 22. Qd2 Qc7 23. Qf4 Re5 24. Nxe5 fxe5 25. Qe3 d4 26. Qe4 Rf6 27. Rxf6
gxf6 28. Qg4+ Kh8 29. Rf1 Qf7 30. Qc8+ Kg7 31. Qd7 b6 32. Qxf7+ Kxf7 33. Bd6 c5
34. Bxe5 Ke7 35. Bxf6+ Kd6 36. Bg2 c4 37. bxc4 Kc5 38. Be7# 1-0

[Event "47° Campionato Italiano Assoluto ASCID"]
[Site "Montesilvano (PE)"]
[Date "2019.09.02"]
[Round "3"]
[White "Delmonte, Davide"]
[Black "Sommadossi, Roberto"]
[Result "0-1"]
[Board "5"]
[WhiteElo "1284"]
[BlackElo "1438"]
[TimeControl "40/6000+30:1200+30"]
[ECO "D08"]
[Opening "QGD"]
[Variation "Albin counter-gambit"]
[PlyCount "72"]
[EventDate "2019.09.01"]
[EventRounds "7"]
[EventCountry "ITA"]
[Annotator "Bersca0.53"]

1. d4 d5 2. c4 e5 3. Nc3 Bb4 4. Nf3 e4 5. Ne5 Nf6 6. Bg5 O-O 7. e3 Qd6 8. a3
Bxc3+ 9. bxc3 Nbd7 10. Bxf6 Nxf6 11. Rc1 c5 12. cxd5 cxd4 13. cxd4 Qxa3 14. Qc2
Qa5+ 15. Kd1 Nxd5 16. Qxe4 Nc3+ 17. Rxc3 Qxc3 18. Bd3 f5 19. Qd5+ Kh8 20. Nf7+
Rxf7 21. Qxf7 Qxd3+ 22. Kc1 h6 23. Rd1 Qe4 24. d5 a5 25. Rd4 Qxg2 26. Rc4 Qf1+
27. Kd2 Qxc4 28. e4 Qd4+ 29. Ke2 Qxe4+ 30. Kd2 f4 31. d6 Bf5 32. f3 Qe3+ 33. Kd1
Re8 34. Qxf5 Qxf3+ 35. Kc2 Re2+ 36. Kb1 Qf1# 0-1